Cogmind - Beta 17 *** ADVENTURER MODE // 2026.07.25 @ 01:09:00 Player: mewcatx Result: Destroyed by Y-72 Warden with Railgun Performance ------------- Evolutions (7) 3500 Regions Visited (18) 3600 Robots Destroyed (349) 1745 Value Destroyed (15127) 15127 Prototype IDs (27) 540 Alien Tech Used (0) 0 Bonus (4863) 4863 TOTAL SCORE: 29375 Bonus ------- High Alert Combat Kills 1281 Follower Combat Kills 2297 Met Imprinter 300 Was Imprinted 300 Met Zhirov 300 Built Enhanced Grunts 300 A7 Reached Mainframe 300 Read Decrypted Archives 300 Friendly Fire -515 Cogmind --------- Core Integrity 0/1300 Matter 300/300 Energy 100/100 System Corruption 21% Temperature Cool (0) Movement Core (50) Location -3/Research Parts ------- > --- POWER (2) -------- (None) > --- PROPULSION (5) --- (None) > --- UTILITY (10) ----- Advanced Heat Sink > --- WEAPON (4) ------- (None) > --- INVENTORY (5) ---- PL-3XN's Ring of Power Peak State ------------ > --- POWER ------------ Cooled Fission Core Cooled Fission Core > --- PROPULSION ------- Improved Medium Treads Armored Medium Treads Advanced Medium Treads Heavy Siege Treads > --- UTILITY ---------- Advanced Cooling System Advanced Cooling System Large Storage Unit Advanced Target Analyzer Improved Weapon Cycler Zionite Weapon Casing Graphene Brace Advanced Shield Generator Advanced Force Field Advanced Hacking Suite > --- WEAPON ----------- Variable Charge Gun Precision Phase Gun Zionite Phaser-M Improved Matter Neutralizer > --- INVENTORY -------- Reinforced Fission Core Medium Treads Armored Medium Treads Armored Medium Treads Improved Matter Compressor Advanced Visual Processing Unit Advanced Sensor Array Zionite Laser-S Phase Gun Precision Phase Gun Precision Phase Gun Gauss Rifle Heavy Missile Launcher PL-3XN's Ring of Power [Rating: 146] Favorites ----------- Power Enhanced Fission Core Engine Ion Engine Power Core Enhanced Fission Core Reactor Cooled Antimatter Reactor Propulsion Medium Treads Treads Medium Treads Hover Unit Cooled Antigrav System Utility Large Storage Unit Device Improved Sensor Array Storage Large Storage Unit Processor Improved Signal Interpreter Hackware Advanced Hacking Suite Protection Improved Medium Armor Plating Weapon Precision Phase Gun Energy Gun Precision Phase Gun Energy Cannon Ion Cannon Ballistic Gun Enhanced Coil Gun Ballistic Cannon Light Cannon Launcher Grenade Launcher Build | -11 -10 -10 -10 -9 -8 -7 -7 -7 -7 -6 -6 -5 -5 -5 -5 -5 -4 -3 ------- Run | Yrd Mat Min Exi Min Mat Fac Low Low Zio Pro Fac Fac Ext Cet Arc Hub Fac Res Slots Evolved 14 | . . . . . 4 2 . . . . 2 2 . . . . 2 2 Power 1 | . . . . . . . . . . . . 1 . . . . . . Propulsion 3 | . . . . . 1 1 . . . . . . . . . . 1 . Utility 8 | . . . . . 2 1 . . . . 1 1 . . . . 1 2 Weapon 2 | . . . . . 1 . . . . . 1 . . . . . . . Parts Attached 193 | 7 4 . . 6 19 53 1 3 3 . 23 8 11 . . 6 10 39 Power 15 | 1 . . . . 2 3 . . . . 2 1 3 . . . . 3 Engine 3 | 1 . . . . 1 1 . . . . . . . . . . . . Core 8 | . . . . . 1 2 . . . . . . 3 . . . . 2 Reactor 4 | . . . . . . . . . . . 2 1 . . . . . 1 Propulsion 43 | 2 . . . 3 3 13 . 2 . . 6 1 1 . . 1 2 9 Treads 42 | 2 . . . 3 3 13 . 2 . . 5 1 1 . . 1 2 9 Leg . | . . . . . . . . . . . . . . . . . . . Wheel . | . . . . . . . . . . . . . . . . . . . Hover 1 | . . . . . . . . . . . 1 . . . . . . . Flight . | . . . . . . . . . . . . . . . . . . . Utility 88 | 2 2 . . 2 6 21 1 1 2 . 7 4 4 . . 5 8 23 Device 48 | 1 . . . . 3 11 1 1 1 . 4 2 3 . . 1 4 16 Storage 7 | 1 1 . . . 1 1 . . . . 1 . . . . 1 . 1 Processor 11 | . . . . . 2 1 . . . . . 1 . . . 1 2 4 Hackware 1 | . . . . . . . . . . . . . . . . . . 1 Protection 21 | . 1 . . 2 . 8 . . 1 . 2 1 1 . . 2 2 1 Artifact . | . . . . . . . . . . . . . . . . . . . Weapon 47 | 2 2 . . 1 8 16 . . 1 . 8 2 3 . . . . 4 Energy Gun 14 | 1 . . . 1 2 . . . . . 3 1 3 . . . . 3 Energy Cannon 6 | . . . . . 2 1 . . . . 1 1 . . . . . 1 Ballistic Gun 17 | 1 . . . . 3 11 . . . . 2 . . . . . . . Ballistic Cannon 3 | . 1 . . . . 2 . . . . . . . . . . . . Launcher 7 | . 1 . . . 1 2 . . 1 . 2 . . . . . . . Special Weapon . | . . . . . . . . . . . . . . . . . . . Impact Weapon . | . . . . . . . . . . . . . . . . . . . Slashing Weapon . | . . . . . . . . . . . . . . . . . . . Piercing Weapon . | . . . . . . . . . . . . . . . . . . . Special Melee Weapon . | . . . . . . . . . . . . . . . . . . . Unidentified Prototypes 24 | . . . . . . 8 . . 1 . 8 . 2 . . 1 . 4 Parts Lost 49 | . . . . 2 1 6 . . . . 5 . . . . 1 . 34 Power 5 | . . . . . . 1 . . . . . . . . . . . 4 Propulsion 10 | . . . . . 1 1 . . . . 1 . . . . . . 7 Utility 21 | . . . . 1 . 3 . . . . 3 . . . . 1 . 13 Weapon 13 | . . . . 1 . 1 . . . . 1 . . . . . . 10 Highest Loss Streak 27 | . . . . 1 1 1 . . . . 3 . . . . 1 . 27 To Critical Strikes . | . . . . . . . . . . . . . . . . . . . Average Backups 12 | 1 7 10 10 9 14 13 14 13 14 14 13 13 13 14 14 13 13 10 Power . | . 1 1 1 1 1 . . . . . . . 1 1 1 1 1 . Propulsion 2 | . 1 2 2 1 . 2 3 2 2 2 2 2 3 3 3 3 2 1 Utility 6 | . 3 5 5 5 8 6 7 7 7 8 6 6 5 5 5 4 5 3 Weapon 4 | . 1 2 2 2 3 4 4 4 4 4 4 3 4 5 5 5 5 4 Tool/Special . | . . . . . . . . . . . . . . . . . . . Unused Backups 31 | . 4 . . 3 9 7 . . . . 3 3 2 . . . . . Power 6 | . 1 . . 1 1 1 . . . . 1 . 1 . . . . . Propulsion 2 | . 1 . . . . . . . . . . 1 . . . . . . Utility 14 | . 1 . . 1 5 5 . . . . 1 1 . . . . . . Weapon 9 | . 1 . . 1 3 1 . . . . 1 1 1 . . . . . Tool/Special . | . . . . . . . . . . . . . . . . . . . Average Slot Usage (%) 98 | . 100 100 100 100 98 99 100 100 100 100 99 99 100 100 100 99 98 88 Engine 2 | . 14 14 14 14 6 . . . . . . . . . . . . . Core 4 | . . . . . 2 6 7 7 7 7 2 . 8 11 11 11 9 8 Reactor 1 | . . . . . . . . . . . 3 10 1 . . . . . Treads 26 | . 28 28 28 28 25 29 30 30 30 30 25 22 23 23 23 23 25 18 Device 10 | . . . . . 8 11 7 7 7 7 13 14 17 17 17 20 19 17 Storage 7 | . 14 14 14 14 9 7 7 7 7 7 6 5 5 5 5 5 5 4 Processor 9 | . . . . . 8 13 15 15 15 15 12 7 5 5 5 5 5 5 Protection 8 | . 13 14 14 14 9 4 7 7 7 7 6 10 11 11 11 6 11 9 Energy Gun 6 | . 6 . . 9 5 . . . . . 5 16 17 16 17 17 14 15 Energy Cannon 1 | . . . . . 9 . . . . . . . . . . . . 1 Ballistic Gun 14 | . 9 14 14 12 7 21 22 23 23 20 20 5 4 4 5 5 5 . Ballistic Cannon 1 | . 9 14 14 4 . . . . . . . . . . . . . . Peak Build Rating 146 | 7 8 8 8 10 29 64 59 60 66 61 82 100 101 101 101 101 117 146 Average Rating 62 | 5 7 8 8 8 24 57 58 58 60 60 75 97 98 100 101 99 109 123 On Entrance 56 | . 7 8 8 8 10 29 59 59 59 61 59 82 100 101 101 101 101 117 Avg Prop Armor Cover (%) 3 | . . . . . . . . . . . 4 . . . . . . 3 Naked Turns 4 | . . . . . . . . . . . . . . . . . . 4 Heaviest Build 114 | 14 20 20 20 26 51 68 59 57 57 58 90 114 98 95 92 92 97 105 Greatest Support 168 | 40 40 40 40 43 63 100 98 98 104 104 110 118 117 107 107 107 158 168 Greatest Overweight (x) 1 | . . . . . . . . . . . 1 1 . . . . 1 1 Average Overweight (x) . | . . . . . . . . . . . . . . . . . . . Largest Inventory Capacity 15 | 8 10 10 10 10 15 15 15 15 15 15 15 15 15 15 15 15 15 15 Average Capacity 14 | 7 8 10 10 10 14 15 15 15 15 15 15 15 15 15 15 15 15 14 Most Carried 15 | 3 10 10 10 10 15 15 15 15 15 15 15 15 15 15 15 15 15 15 Average Carried 13 | 1 7 10 10 9 14 14 15 14 14 15 14 14 14 15 15 14 14 12 Final Capacity 15 | 8 10 10 10 10 15 15 15 15 15 15 15 15 15 15 15 15 15 5 Final Carried 15 | 3 10 10 10 10 15 15 15 15 15 15 15 14 15 15 15 15 15 1 Class Distribution -------------------- 25% | Skirmisher 21% | Scavenger-Tank 18% | Gunner 15% | Mutant 5% | Scavenger-Skirmisher 5% | Tank 3% | Scavenger-Gunner Dominant Class ---------------- Mutant | -10/Materials Mutant | -10/Mines Mutant | -10/Exiles Mutant | -9/Mines Skirmisher | -8/Materials Gunner | -7/Factory Skirmisher | -7/Lower Caves Skirmisher | -7/Lower Caves Skirmisher | -7/Zion Skirmisher | -6/Proximity Caves Scavenger-Skirmisher | -6/Factory Scavenger-Tank | -5/Factory Scavenger-Tank | -5/Extension Scavenger-Tank | -5/Cetus Commander-Tank | -5/Archives Tank | -5/Hub_04(d) Tank | -4/Factory Hacker-Tank | -3/Research Resources | -11 -10 -10 -10 -9 -8 -7 -7 -7 -7 -6 -6 -5 -5 -5 -5 -5 -4 -3 ----------- Run | Yrd Mat Min Exi Min Mat Fac Low Low Zio Pro Fac Fac Ext Cet Arc Hub Fac Res Matter Collected 8367 | 212 258 60 22 189 444 3042 153 155 60 158 1232 349 276 144 . 160 314 1139 Remotely 528 | . . . . . . 426 . . . . 102 . . . . . . . Salvage Created 14943 | 33 274 185 . 201 894 4162 106 99 . 265 2636 961 610 133 36 349 614 3385 Parts 739 | 5 15 7 . 12 50 236 1 3 . 16 144 43 28 3 4 14 29 129 Haulers Intercepted 3 | . 1 . . . . 2 . . . . . . . . . . . . Recyclers Shooed 8 | . . . . 1 . 1 . . . . 5 . . . . . . 1 Parts Field Recycled . | . . . . . . . . . . . . . . . . . . . Retrieved Matter . | . . . . . . . . . . . . . . . . . . . Parts Self-Destructed 18 | . . . . . . . 1 3 . 14 . . . . . . . . Prevented 4 | . . . . . . . . . . 4 . . . . . . . . Parts Restored . | . . . . . . . . . . . . . . . . . . . Kills | -11 -10 -10 -10 -9 -8 -7 -7 -7 -7 -6 -6 -5 -5 -5 -5 -5 -4 -3 ------- Run | Yrd Mat Min Exi Min Mat Fac Low Low Zio Pro Fac Fac Ext Cet Arc Hub Fac Res Combat Hostiles Destroyed 269 | . 6 5 . 8 20 76 4 2 . 8 46 13 9 3 . 6 10 53 Melee 3 | . . . . . . . . . . . . . . . . . . 3 Guns 195 | . 1 3 . 2 6 62 2 2 . 2 39 13 5 3 . 5 10 40 Cannons 15 | . 3 2 . 1 6 1 . . . . . . . . . . . 2 AOE 47 | . 2 . . 5 8 13 2 . . 6 7 . 3 . . . . 1 Classes Destroyed 21 | 1 4 1 . 1 4 6 . . . . 2 . . . . . . 2 Worker 16 | . . . . . 2 2 . . . . 2 3 . . . . . 7 Builder 20 | . 1 1 . . . 6 . . . . 8 . 2 . . . . 2 Tunneler 2 | 2 . . . . . . . . . . . . . . . . . . Hauler 3 | . 1 . . . . 2 . . . . . . . . . . . . Recycler 15 | . . . . . 1 6 . . . . 5 2 1 . . . . . Mechanic 4 | . . . . . . 1 . . . . 2 . . . . . . 1 Operator 3 | . . . . . 1 2 . . . . . . . . . . . . Watcher 15 | . 1 . . . 5 6 . . . . . 1 . 1 . . . 1 Swarmer 59 | . . 1 . 3 9 14 . . . 3 18 4 4 . . . . 3 Cutter 3 | . . . . . . . . . . . . . . . . . . 3 Grunt 88 | . 6 4 . 3 5 20 4 2 . 4 10 . . 2 . 3 2 23 Brawler 3 | . . . . . . . . . . . . . . . . . . 3 Duelist 3 | . . . . . . 1 . . . . . . . . . . . 2 Protector 5 | . . . . . . 2 . . . . 2 . . . . . . 1 Sentry 26 | . . . . 2 5 8 . . . . 3 . 3 . . 1 2 2 Specialist 12 | . . . . . . 9 . . . . 2 . . . . . . 1 Hunter 21 | . . . . . 1 5 . . . 1 6 2 . . . . . 6 Programmer 37 | . . . . . . 13 . . . . 3 6 . . . 2 6 7 Heavy 7 | . . . . . . 4 . . . . 1 . . . . . . 2 Behemoth 4 | . . . . . . . . . . . 1 1 2 . . . . . Cetus Guard 1 | . . . . . . . . . . . . . . 1 . . . . Mutant 2 | . . . . . . . . . . . 2 . . . . . . . Best Kill Streak 18 | 1 3 2 . 3 5 12 4 2 . 4 12 5 4 2 . 2 2 18 Combat Bots Only 11 | . 3 2 . 3 3 11 4 2 . 4 6 4 4 2 . 2 2 11 Max Kills in Single Turn 4 | 1 2 2 . 3 4 3 1 1 . 3 4 2 3 1 . 1 2 3 Gunslinging 1 | . . . . . . 1 . . . . 1 1 . . . . 1 1 Exploded 3 | . 2 . . 3 2 3 1 . . 3 2 . 3 . . . . 1 Melee 1 | . . . . . . . . . . . . . . . . . . 1 Uniques/NPCs Destroyed . | . . . . . . . . . . . . . . . . . . . Combat | -11 -10 -10 -10 -9 -8 -7 -7 -7 -7 -6 -6 -5 -5 -5 -5 -5 -4 -3 -------- Run | Yrd Mat Min Exi Min Mat Fac Low Low Zio Pro Fac Fac Ext Cet Arc Hub Fac Res Hostile Shots Fired 1550 | . 19 15 . 50 49 441 13 11 . 31 203 83 19 27 . 12 35 542 Missed 436 | . 8 7 . 12 9 137 . 1 . 9 63 29 3 8 . 4 10 136 Hits 1114 | . 11 8 . 38 40 304 13 10 . 22 140 54 16 19 . 8 25 406 Melee 13 | . . . . . . . . 2 . . . . . . . . . 11 Projectile 1101 | . 11 8 . 38 40 304 13 8 . 22 140 54 16 19 . 8 25 395 AOE 8 | . . . . 8 . . . . . . . . . . . . . . Critical Strikes 53 | . 1 . . 2 1 10 1 1 . . 3 2 1 5 . . 1 25 Actively Blocked 19 | . . . . 1 . . . . . . . . . . . . . 18 Part Disruptions 2 | . . . . . . . . . . . 1 . . . . . . 1 Damage Taken 16133 | . 178 75 . 594 364 3554 169 109 . 151 1845 402 209 275 144 96 328 7640 Core 1975 | . 10 . . 61 33 297 14 27 . 16 147 14 . . . . 53 1303 Absorbed by Shields 1234 | . . . . . . . . . . . . 38 66 98 48 34 119 831 Reduced by Siege Mode 148 | . . . . . . . . . . . . . . . . . . 148 Redirected to Shielding 486 | . 2 . . 4 . 100 . . . . . . . . . . 64 316 Ignored by Resistances 5197 | . 53 22 . 164 110 1057 46 33 . 49 621 337 77 111 48 40 124 2305 Regen/Repaired (Parts) 853 | . . . . . . 370 . . . . 337 . . . . . . 146 Core Remaining (%) 84 | 100 . . . 71 94 . . . . 49 82 . . . . 98 95 . Volleys Fired 622 | 4 24 10 . 21 49 204 6 9 . 11 70 32 22 12 1 15 17 115 Largest 4 | 2 2 2 . 2 3 3 3 3 . 3 4 4 4 4 3 4 4 4 Hottest 507 | 60 70 50 . 76 151 151 90 90 . 90 246 310 310 310 282 310 310 507 Shots Fired 1683 | 8 41 20 . 38 107 502 13 27 . 22 227 110 67 26 3 60 62 350 Gun 1510 | 8 18 10 . 24 69 478 10 27 . 18 220 110 66 19 3 60 62 308 Cannon 109 | . 20 10 . 11 29 13 . . . . . . . . . . . 26 Launcher 64 | . 3 . . 3 9 11 3 . . 4 7 . 1 7 . . . 16 Special . | . . . . . . . . . . . . . . . . . . . Kinetic 917 | 4 31 20 . 28 34 478 10 27 . 18 166 35 16 4 . 15 16 15 Thermal 658 | . . . . 7 59 11 . . . . 54 75 50 15 3 45 46 293 Explosive 64 | . 3 . . 3 9 11 3 . . 4 7 . 1 7 . . . 16 Electromagnetic 18 | 4 7 . . . 5 2 . . . . . . . . . . . . Phasic 26 | . . . . . . . . . . . . . . . . . . 26 Robot Hit Streak 72 | 7 21 11 . 41 57 59 5 9 . 11 37 67 66 10 13 41 27 72 Robot Miss Streak 3 | . 2 1 . . 2 3 2 2 . 1 2 1 1 2 . 1 1 2 Penetration Max 1 | . . . . . . 1 . . . . 1 1 1 . . . . . Secondary Targets 46 | . . . . . . 13 . 1 . 1 13 2 1 1 . 2 1 11 Max Gunslinging Chain 2 | . . . . . . 1 . 1 . 1 2 1 1 1 . 1 1 2 Shots Hit Robots 1235 | 7 28 16 . 35 86 348 7 20 . 12 162 83 48 14 3 47 39 280 Core Hits 665 | 4 21 11 . 14 44 169 7 5 . 13 121 32 23 21 2 17 15 146 Critical Kills 6 | . . . . . . 3 . . . . 3 . . . . . . . Critical Parts Destroyed 16 | . . . . . 1 6 . 1 . . 8 . . . . . . . Critical Strikes 89 | . 1 . . . 5 9 . 1 . . 17 8 4 . . 4 7 33 Burn 59 | . . . . . 2 . . . . . 5 8 4 . . 4 7 29 Destroy 23 | . . . . . 1 9 . 1 . . 12 . . . . . . . Blast 1 | . 1 . . . . . . . . . . . . . . . . . Corrupt 2 | . . . . . 2 . . . . . . . . . . . . . Intensify 4 | . . . . . . . . . . . . . . . . . . 4 Melee Attacks . | . . . . . . . . . . . . . . . . . . . Impact . | . . . . . . . . . . . . . . . . . . . Slashing . | . . . . . . . . . . . . . . . . . . . Piercing . | . . . . . . . . . . . . . . . . . . . Sneak Attacks . | . . . . . . . . . . . . . . . . . . . Combat Hostiles . | . . . . . . . . . . . . . . . . . . . Follow-up Attacks . | . . . . . . . . . . . . . . . . . . . Damage Inflicted 43546 | 80 650 215 . 635 2251 11443 587 537 . 946 7395 2505 1553 1022 84 1385 1325 10933 Guns 30690 | 80 132 72 . 219 741 9164 151 537 . 300 4320 2505 1265 372 84 1384 1325 8039 Cannons 2231 | . 250 143 . 198 664 290 . . . . . . . . . . . 686 Explosions 10553 | . 268 . . 218 846 1989 436 . . 646 3075 . 288 650 . . . 2137 Melee . | . . . . . . . . . . . . . . . . . . . Ramming 72 | . . . . . . . . . . . . . . . . 1 . 71 Kinetic 15519 | 27 322 215 . 327 281 9164 151 537 . 300 2869 538 194 31 . 194 158 211 Thermal 16680 | . . . . 90 995 222 . . . . 1761 1967 1071 341 84 1190 1167 7792 Explosive 10154 | . 179 . . 218 846 1989 436 . . 646 2765 . 288 650 . . . 2137 Electromagnetic 399 | 53 149 . . . 129 68 . . . . . . . . . . . . Impact . | . . . . . . . . . . . . . . . . . . . Slashing . | . . . . . . . . . . . . . . . . . . . Piercing . | . . . . . . . . . . . . . . . . . . . Phasic 722 | . . . . . . . . . . . . . . . . . . 722 Highest Corruption 21 | . 1 1 1 1 . 8 8 8 8 . . 1 1 1 1 2 2 21 Average Corruption 4 | . 1 1 1 1 . 6 8 8 8 . . 1 1 1 1 1 1 5 Corruption Purged . | . . . . . . . . . . . . . . . . . . . Corruption Blocked . | . . . . . . . . . . . . . . . . . . . Effects 268 | . 4 5 7 6 . 165 22 12 1 . . 5 6 1 . 8 3 23 Message Errors 62 | . 2 2 1 2 . 43 4 3 . . . . . 1 . 2 . 2 Matter Fused 55 | . 1 1 3 2 . 29 4 1 . . . 1 2 . . 4 . 7 Heat Flow Errors 37 | . . . . . . 24 4 2 . . . 2 1 . . . 1 3 Energy Discharges 27 | . . 1 2 1 . 18 1 1 . . . 2 1 . . . . . Parts Rejected 1 | . . . . . . . . . . . . . . . . . . 1 Parts Fused 6 | . . . . . . 3 . 1 1 . . . . . . . 1 . Data Loss (minor) 33 | . . 1 . 1 . 20 5 3 . . . . 1 . . . . 2 Data Loss (major) 20 | . . . . . . 9 2 1 . . . . 1 . . 2 1 4 Misfires 10 | . 1 . . . . 7 1 . . . . . . . . . . 1 Alerts 9 | . . . 1 . . 7 1 . . . . . . . . . . . Misdirections 2 | . . . . . . . . . . . . . . . . . . 2 Weapon Failures 6 | . . . . . . 5 . . . . . . . . . . . 1 Overload Shots 10 | . . . . . . . . . . . . . 5 . . . . 5 Overflow Damage 313 | . 3 . . 20 63 13 . . . . 122 . . 5 . . . 87 Projectiles 49 | . 3 . . . 13 . . . . . . . . . . . . 33 Explosions 264 | . . . . 20 50 13 . . . . 122 . . 5 . . . 54 Melee . | . . . . . . . . . . . . . . . . . . . Knockbacks 6 | . 4 2 . . . . . . . . . . . . . . . . Impact . | . . . . . . . . . . . . . . . . . . . Kinetic 6 | . 4 2 . . . . . . . . . . . . . . . . Secondary . | . . . . . . . . . . . . . . . . . . . Self-Inflicted Damage 355 | . . . . . . 31 . . . . 110 . . . . . . 214 Shots 10 | . . . . . . 2 . . . . 3 . . . . . . 5 Rammed 26 | . . . . . . . . . . . 1 . . . . 1 . 24 Targets Rammed 29 | . . . . . . . . . . . 1 . . . . 1 . 27 Kicked . | . . . . . . . . . . . . . . . . . . . Crushed 3 | . . . . . . . . . . . . . . . . . . 3 Highest Temperature 1074 | 40 72 29 . 92 200 409 312 271 . 54 379 420 424 260 154 278 375 1074 Average Temperature 125 | 20 20 11 . 29 62 91 146 140 . 21 105 159 152 94 86 115 130 232 Received Heat Transfer 2976 | . 117 57 . 120 126 912 135 90 . 48 267 18 36 12 . 24 42 972 Effects 69 | . . . . . . 4 . 2 . . 1 6 1 . . . . 55 Shutdowns 17 | . . . . . . . . . . . . 2 . . . . . 15 Energy Bleed 10 | . . . . . . 3 . 2 . . . . . . . . . 5 Interference 17 | . . . . . . 1 . . . . . 3 . . . . . 13 Matter Decay 4 | . . . . . . . . . . . . . . . . . . 4 Short Circuit 7 | . . . . . . . . . . . 1 1 . . . . . 5 Damage (minor) 4 | . . . . . . . . . . . . . 1 . . . . 3 Damage (major) 7 | . . . . . . . . . . . . . . . . . . 7 Damage (core) 3 | . . . . . . . . . . . . . . . . . . 3 Siege Activations 2 | . . . . . . . . . . . . . . . . . . 2 Total Turns 64 | . . . . . . . . . . . . . . . . . . 64 Longest Duration 37 | . . . . . . . . . . . . . . . . . . 37 Martial Activations . | . . . . . . . . . . . . . . . . . . . Shielding Activations . | . . . . . . . . . . . . . . . . . . . Robots Disrupted . | . . . . . . . . . . . . . . . . . . . Combat Hostiles . | . . . . . . . . . . . . . . . . . . . Robots Corrupted . | . . . . . . . . . . . . . . . . . . . Combat Hostiles . | . . . . . . . . . . . . . . . . . . . Parts Fried 2 | . . . . . 1 1 . . . . . . . . . . . . Impact Corruptions . | . . . . . . . . . . . . . . . . . . . Robots Melted 9 | . . . . . . . . . . . . . 1 . . 1 . 7 Combat Hostiles 9 | . . . . . . . . . . . . . 1 . . 1 . 7 Parts Melted 62 | . . . . . 2 . . . . . 8 11 6 . 1 3 7 24 Heat Transferred 24931 | . . . . 222 2146 296 . . . . 2420 2886 1665 444 111 1665 1665 11411 Parts Sabotaged . | . . . . . . . . . . . . . . . . . . . Parts Stolen 1 | . . . . . . . . 1 . . . . . . . . . . Parts Stripped . | . . . . . . . . . . . . . . . . . . . Power Chain Reactions . | . . . . . . . . . . . . . . . . . . . Alert | -11 -10 -10 -10 -9 -8 -7 -7 -7 -7 -6 -6 -5 -5 -5 -5 -5 -4 -3 ------- Run | Yrd Mat Min Exi Min Mat Fac Low Low Zio Pro Fac Fac Ext Cet Arc Hub Fac Res Maximum Alert Level 3 | . . . . . . 2 . . . . 2 1 1 1 1 1 . 3 Low Security (%) 73 | 100 100 100 . 100 100 73 . . . . 38 73 86 51 71 79 100 16 Level 1 15 | . . . . . . 25 . . . . 16 26 13 48 28 20 . 21 Level 2 8 | . . . . . . . . . . . 45 . . . . . . 37 Level 3 1 | . . . . . . . . . . . . . . . . . . 24 Level 4 . | . . . . . . . . . . . . . . . . . . . Level 5 . | . . . . . . . . . . . . . . . . . . . High Security . | . . . . . . . . . . . . . . . . . . . Max Security . | . . . . . . . . . . . . . . . . . . . Peak Influence 914 | 5 98 95 . 95 136 425 . . . . 552 295 235 316 319 237 110 914 Initial 224 | . . . . . 27 . . . . . 41 224 5 84 96 74 57 . Average 135 | . 12 26 . 12 35 101 . . . . 277 112 113 204 155 155 25 498 Influence Increases 10615 | 10 257 165 . 211 687 2596 90 40 . 276 1514 438 764 352 280 573 369 1993 Destroy 0b10 Robot/C 6380 | . 120 100 . 160 400 1480 80 40 . 200 920 260 480 180 200 360 200 1200 Destroy 0b10 Robot/NC 480 | 10 15 5 . . 45 135 . . . . 110 30 30 5 10 5 . 80 Destroy Leader 1340 | . 34 30 . 20 110 426 10 . . 30 214 62 44 20 . 82 50 208 Allied During Kill 464 | . . . . . . . . . . 46 38 . 120 77 51 45 1 86 Successful Hack 214 | . 20 . . 6 16 98 . . . . 37 1 . 8 . . 14 14 Disable Machine 405 | . 27 . . . 18 189 . . . . 63 18 18 . 9 18 36 9 Anti-Garrison Action 150 | . . . . . . . . . . . . . . . . . . 150 Destroy Structure 942 | . 26 . . 25 68 223 . . . . 132 22 72 62 10 48 68 186 Partial Spotted 30 | . 15 . . . . . . . . . . 15 . . . . . . Lose Combat Pursuer 210 | . . 30 . . 30 45 . . . . . 30 . . . 15 . 60 Influence Decreases 9821 | 10 257 165 . 126 772 2243 443 40 . 200 1059 955 603 241 310 692 506 1199 Entered New Map 1111 | . . . . . 58 . 159 . . . 35 307 9 91 190 182 80 . Time Decay 7561 | 10 257 165 . 106 704 2043 284 40 . 200 954 638 474 130 40 380 397 739 Lost Part 490 | . . . . 20 10 60 . . . . 50 . . . . 10 . 340 Lost Ally 519 | . . . . . . . . . . . 20 10 120 20 80 120 29 120 Purge Threat 140 | . . . . . . 140 . . . . . . . . . . . . Squads Dispatched 74 | . . . . . 1 30 . . . . 12 5 2 2 . 6 3 13 Investigation 10 | . . . . . . 3 . . . . 2 1 1 2 . 1 . . Extermination 22 | . . . . . . 9 . . . . 4 3 . . . 2 2 2 Reinforcement 28 | . . . . . 1 13 . . . . 5 . 1 . . 2 1 5 Assault 3 | . . . . . . . . . . . 1 . . . . . . 2 Garrison 11 | . . . . . . 5 . . . . . 1 . . . 1 . 4 Intercept . | . . . . . . . . . . . . . . . . . . . Searches Triggered . | . . . . . . . . . . . . . . . . . . . Construction Impeded 7 | . . . . . . 2 . . . . 3 . 1 . . . . 1 Haulers Reinforced 1 | . . . . . . . . . . . . . . . . . . 1 Active Scanning Responses . | . . . . . . . . . . . . . . . . . . . Cargo Convoy Interrupts 3 | . . . . . . 1 . . . . 1 . . . . . . 1 Stealth | -11 -10 -10 -10 -9 -8 -7 -7 -7 -7 -6 -6 -5 -5 -5 -5 -5 -4 -3 --------- Run | Yrd Mat Min Exi Min Mat Fac Low Low Zio Pro Fac Fac Ext Cet Arc Hub Fac Res Distress Signals 24 | . 1 . . . 3 5 . . . . 3 2 1 1 . . . 8 Communications Jammed . | . . . . . . . . . . . . . . . . . . . Distress Signals . | . . . . . . . . . . . . . . . . . . . Times Spotted 425 | . 19 7 . 12 30 103 4 3 . 9 64 20 26 9 . 22 12 85 Peak Tracking Total 9 | . 5 3 . 3 4 9 4 2 . 4 6 4 9 5 . 3 3 9 Tactical Retreats 10 | . . 1 . . 1 2 . . . . . 1 . . . 1 . 4 Traps | -11 -10 -10 -10 -9 -8 -7 -7 -7 -7 -6 -6 -5 -5 -5 -5 -5 -4 -3 ------- Run | Yrd Mat Min Exi Min Mat Fac Low Low Zio Pro Fac Fac Ext Cet Arc Hub Fac Res Traps Triggered 17 | . 3 . . . 1 3 . . . . 2 3 . . . . 4 1 Indirectly . | . . . . . . . . . . . . . . . . . . . Trap Hack Attempts . | . . . . . . . . . . . . . . . . . . . Triggered . | . . . . . . . . . . . . . . . . . . . Disarmed . | . . . . . . . . . . . . . . . . . . . Reprogrammed . | . . . . . . . . . . . . . . . . . . . Reused . | . . . . . . . . . . . . . . . . . . . Traps Extracted . | . . . . . . . . . . . . . . . . . . . Installed 13 | . . . . . . . . . . . . 13 . . . . . . Triggered . | . . . . . . . . . . . . . . . . . . . Machines | -11 -10 -10 -10 -9 -8 -7 -7 -7 -7 -6 -6 -5 -5 -5 -5 -5 -4 -3 ---------- Run | Yrd Mat Min Exi Min Mat Fac Low Low Zio Pro Fac Fac Ext Cet Arc Hub Fac Res Machines Disabled 48 | . 3 . . . 2 21 . . . . 7 2 3 1 1 2 4 2 Max in Single Turn 4 | . 1 . . . 1 3 . . . . 4 1 1 . . . . 1 Garrison Access 7 | . . . . . . 3 . . . . 1 1 . . . 1 . 1 Machines Repaired . | . . . . . . . . . . . . . . . . . . . Machines Dismantled . | . . . . . . . . . . . . . . . . . . . Machines Sabotaged . | . . . . . . . . . . . . . . . . . . . Overloaded Fab Kills . | . . . . . . . . . . . . . . . . . . . Hacking | -11 -10 -10 -10 -9 -8 -7 -7 -7 -7 -6 -6 -5 -5 -5 -5 -5 -4 -3 --------- Run | Yrd Mat Min Exi Min Mat Fac Low Low Zio Pro Fac Fac Ext Cet Arc Hub Fac Res Machines Accessed 77 | . 9 . 4 1 8 30 . 1 . . 7 3 4 3 1 1 3 2 Terminals 35 | . 8 . . 1 5 14 . . . . . . 3 3 . . 1 . Fabricators 3 | . . . . . . 1 . . . . 2 . . . . . . . Repair Stations 8 | . . . . . . 4 . . . . 3 . . . . . . 1 Recycling Units 11 | . 1 . . . 1 5 . . . . . 1 1 . . . 2 . Scanalyzers 6 | . . . . . 2 2 . . . . 1 1 . . . . . . Garrison Access 8 | . . . . . . 4 . . . . 1 1 . . . 1 . 1 Total Hacks 203 | . 22 . 4 1 29 68 . 1 . . 18 5 8 8 25 1 9 4 Successful 128 | . 14 . 4 1 22 36 . 1 . . 10 3 3 3 25 1 3 2 Failed 74 | . 8 . . . 6 32 . . . . 8 2 5 5 . . 6 2 Catastrophic 8 | . 1 . . . . 4 . . . . 1 . 1 . . . 1 . Database Lockouts 1 | . . . . . 1 . . . . . . . . . . . . . Manual 123 | . 17 . . . 14 29 . . . . 15 11 1 1 . 13 14 8 Terminals 85 | . 21 . . 1 13 35 . . . . . . 6 8 . . 1 . Fabricators 7 | . . . . . . 2 . . . . 5 . . . . . . . Repair Stations 19 | . . . . . . 8 . . . . 9 . . . . . . 2 Recycling Units 28 | . 1 . . . 5 10 . . . . . 2 2 . . . 8 . Scanalyzers 22 | . . . . . 11 7 . . . . 2 2 . . . . . . Garrison Access 12 | . . . . . . 6 . . . . 2 1 . . . 1 . 2 Terminal Hacks 60 | . 9 . 4 1 5 10 . 1 . . . . 1 3 25 . 1 . Record 32 | . 1 . 4 . . . . . . . . . . 2 25 . . . Part Schematic 1 | . . . . . . 1 . . . . . . . . . . . . Robot Analysis 8 | . 5 . . . 2 1 . . . . . . . . . . . . Prototype ID Bank 2 | . 1 . . . 1 . . . . . . . . . . . . . Open Door 3 | . . . . . . . . 1 . . . . 1 1 . . . . Open DSF 1 | . . . . . . . . . . . . . . . . . 1 . Terminal Index 1 | . . . . . . 1 . . . . . . . . . . . . Garrison Index 1 | . . . . . . 1 . . . . . . . . . . . . Unreport Threat 3 | . . . . . 1 2 . . . . . . . . . . . . Locate Traps 3 | . . . . . . 3 . . . . . . . . . . . . Patrol Status 1 | . . . . 1 . . . . . . . . . . . . . . Hauler Manifests 2 | . 1 . . . 1 . . . . . . . . . . . . . Registered Components 1 | . . . . . . 1 . . . . . . . . . . . . Zone Layout 1 | . 1 . . . . . . . . . . . . . . . . . Fabricator Hacks 2 | . . . . . . . . . . . 2 . . . . . . . Network Status 1 | . . . . . . . . . . . 1 . . . . . . . Build 1 | . . . . . . . . . . . 1 . . . . . . . Repair Station Hacks 15 | . . . . . . 8 . . . . 5 . . . . . . 2 Scan Component 8 | . . . . . . 4 . . . . 3 . . . . . . 1 Repair 7 | . . . . . . 4 . . . . 2 . . . . . . 1 Recycling Unit Hacks 2 | . . . . . . 1 . . . . . . 1 . . . . . Report Inventory 2 | . . . . . . 1 . . . . . . 1 . . . . . Scanalyzer 19 | . . . . . 11 4 . . . . 2 2 . . . . . . Insert Component 5 | . . . . . 4 1 . . . . . . . . . . . . Analyze 4 | . . . . . 4 . . . . . . . . . . . . . Retrieve Study 10 | . . . . . 3 3 . . . . 2 2 . . . . . . Garrison Access Hacks 6 | . . . . . . 3 . . . . 1 1 . . . 1 . . Seal Access 6 | . . . . . . 3 . . . . 1 1 . . . 1 . . Unauthorized Hacks 24 | . 5 . . . 6 10 . . . . . . 1 . . . 2 . Terminals 15 | . 4 . . . 4 7 . . . . . . . . . . . . Assimilate 1 | . . . . . . 1 . . . . . . . . . . . . Botnet 14 | . 4 . . . 4 6 . . . . . . . . . . . . Fabricators . | . . . . . . . . . . . . . . . . . . . Repair Stations . | . . . . . . . . . . . . . . . . . . . Recycling Units 9 | . 1 . . . 2 3 . . . . . . 1 . . . 2 . Reject 7 | . 1 . . . 1 3 . . . . . . 1 . . . 1 . Mask 2 | . . . . . 1 . . . . . . . . . . . 1 . Scanalyzers . | . . . . . . . . . . . . . . . . . . . Garrison Access . | . . . . . . . . . . . . . . . . . . . Data Cores Recovered 2 | . . . . . . 2 . . . . . . . . . . . . Used 1 | . . . . . . 1 . . . . . . . . . . . . Hacking Detections 55 | . 7 . . . 6 27 . . . . 5 2 2 2 . . 2 2 Full Trace Events 6 | . . . . . . 3 . . . . . . 1 2 . . . . Feedback Events . | . . . . . . . . . . . . . . . . . . . Feedback Blocked . | . . . . . . . . . . . . . . . . . . . Robot Schematics Acquired . | . . . . . . . . . . . . . . . . . . . Robots Built . | . . . . . . . . . . . . . . . . . . . Authchips . | . . . . . . . . . . . . . . . . . . . Time . | . . . . . . . . . . . . . . . . . . . Total Robot Build Rating . | . . . . . . . . . . . . . . . . . . . Part Schematics Acquired 5 | . . . . . 4 1 . . . . . . . . . . . . Parts Built 2 | . . . . . . . . . . . 2 . . . . . . . Authchips . | . . . . . . . . . . . . . . . . . . . Time 128 | . . . . . . . . . . . 128 . . . . . . . Total Part Build Rating 16 | . . . . . . . . . . . 16 . . . . . . . Part Studies Acquired 10 | . . . . . 3 3 . . . . 2 2 . . . . . . Parts Repaired 6 | . . . . . . 3 . . . . 2 . . . . . . 1 Time 265 | . . . . . . 171 . . . . 72 . . . . . . 22 Parts Recycled . | . . . . . . . . . . . . . . . . . . . Recycled Matter . | . . . . . . . . . . . . . . . . . . . Retrieved Matter . | . . . . . . . . . . . . . . . . . . . Retrieved Components . | . . . . . . . . . . . . . . . . . . . Parts Scanalyzed 5 | . . . . . 4 1 . . . . . . . . . . . . Part Schematics Acquired 4 | . . . . . 4 . . . . . . . . . . . . . Parts Damaged 1 | . . . . . . 1 . . . . . . . . . . . . Bothacking | -11 -10 -10 -10 -9 -8 -7 -7 -7 -7 -6 -6 -5 -5 -5 -5 -5 -4 -3 ------------ Run | Yrd Mat Min Exi Min Mat Fac Low Low Zio Pro Fac Fac Ext Cet Arc Hub Fac Res Used RIF Installer . | . . . . . . . . . . . . . . . . . . . Robots Hacked . | . . . . . . . . . . . . . . . . . . . Non-combat . | . . . . . . . . . . . . . . . . . . . Combat . | . . . . . . . . . . . . . . . . . . . Robot Hacks Applied . | . . . . . . . . . . . . . . . . . . . Relay Couplers Released 5 | . . . . . . 4 . . . . . . . . . . . 1 Machine Destruction 1 | . . . . . . . . . . . . . . . . . . 1 Programmers 4 | . . . . . . 4 . . . . . . . . . . . . Fabnet Peak Effective % . | . . . . . . . . . . . . . . . . . . . Robots Rewired 6 | . . . . . . . . . . . . . 6 . . . . . Allies Hacked 6 | . . . . . . . . . . . 3 1 . . . . . 2 Hacks Repelled . | . . . . . . . . . . . . . . . . . . . Allies | -11 -10 -10 -10 -9 -8 -7 -7 -7 -7 -6 -6 -5 -5 -5 -5 -5 -4 -3 -------- Run | Yrd Mat Min Exi Min Mat Fac Low Low Zio Pro Fac Fac Ext Cet Arc Hub Fac Res Total Allies 37 | . . 1 . . . . . . 4 . . 3 9 5 . 7 2 6 Largest Group 8 | . . 1 1 . . . . . 4 4 4 2 8 8 8 7 2 6 Highest-Rated Group 749 | . . 31 31 . . . . . 156 156 153 170 472 749 749 550 206 362 Highest-Rated Ally 159 | . . 31 31 . . . . . 41 41 41 85 159 159 159 85 103 103 Zionite Dispatches 9 | . . . . . . . . . . . 1 2 . . . 3 1 2 Heavy 5 | . . . . . . . . . . . . 1 . . . 2 1 1 Light 1 | . . . . . . . . . . . . . . . . 1 . . Recon 1 | . . . . . . . . . . . 1 . . . . . . . Fire 1 | . . . . . . . . . . . . . . . . . . 1 Trap Resupply 1 | . . . . . . . . . . . . 1 . . . . . . Total Orders 4 | . . . . . . . . . . . 2 1 . . 1 . . . FOLLOW 1 | . . . . . . . . . . . . . . . 1 . . . EXPLORE 2 | . . . . . . . . . . . 1 1 . . . . . . RETURN 1 | . . . . . . . . . . . 1 . . . . . . . Ally Attacks 323 | . . . . . . . . . . 15 31 1 92 31 40 57 6 50 Total Damage 11733 | . . . . . . . . . . 213 483 56 3062 1220 2262 1927 666 1844 Kills 68 | . . . . . . . . . . 2 5 . 18 6 11 13 1 12 Allies Corrupted 1 | . . . . . . . . . . . . . . . . 1 . . Allies Melted . | . . . . . . . . . . . . . . . . . . . Intel | -11 -10 -10 -10 -9 -8 -7 -7 -7 -7 -6 -6 -5 -5 -5 -5 -5 -4 -3 ------- Run | Yrd Mat Min Exi Min Mat Fac Low Low Zio Pro Fac Fac Ext Cet Arc Hub Fac Res Active Infowar (turns) 13097 | 10 88 . . . 1397 4004 870 417 1419 493 1238 1159 699 . . 54 851 398 Optics 47 | . . . . . . . . . . . . . . . . . . 47 Sensors 12948 | . . . . . 1397 4004 870 417 1419 493 1238 1159 699 . . 52 851 349 Seismic 98 | 10 88 . . . . . . . . . . . . . . . . . Machine Analysis 2 | . . . . . . . . . . . . . . . . 2 . . Jamming 2 | . . . . . . . . . . . . . . . . . . 2 Robot Analysis Total 7 | . 4 . . . 2 1 . . . . . . . . . . . . Derelict Logs Recovered 7 | . . 1 . 1 . . 2 . 1 2 . . . . . . . . Drone Launches 5 | . . . . . . . . . . . 3 2 . . . . . . Drone Recoveries 4 | . . . . . . . . . . . 3 1 . . . . . . Zionite Intel Received 6 | . . . . . . . . . . . 3 1 . . . 1 1 . Main Access 1 | . . . . . . . . . . . 1 . . . . . . . Prototype Stockpiles 2 | . . . . . . . . . . . 1 . . . . . 1 . Active Terminals 1 | . . . . . . . . . . . . 1 . . . . . . Active Garrisons 1 | . . . . . . . . . . . 1 . . . . . . . Depthwide Sectors/0 1 | . . . . . . . . . . . . . . . . 1 . . Exploration | -11 -10 -10 -10 -9 -8 -7 -7 -7 -7 -6 -6 -5 -5 -5 -5 -5 -4 -3 ------------- Run | Yrd Mat Min Exi Min Mat Fac Low Low Zio Pro Fac Fac Ext Cet Arc Hub Fac Res Turns Passed 23847 | 127 1491 498 689 812 2042 6199 870 421 1419 493 2342 1485 1082 277 91 772 1142 1595 Spaces Moved 12779 | 68 861 273 431 455 1073 3378 521 243 869 282 1177 782 545 145 51 420 628 577 Core 27 | 5 . . . . . . . . . . . . . . . . . 22 Treads 12752 | 63 861 273 431 455 1073 3378 521 243 869 282 1177 782 545 145 51 420 628 555 Legs . | . . . . . . . . . . . . . . . . . . . Wheels . | . . . . . . . . . . . . . . . . . . . Hover . | . . . . . . . . . . . . . . . . . . . Flight . | . . . . . . . . . . . . . . . . . . . Fastest Speed 50 | 50 160 160 160 160 160 145 158 158 158 162 155 160 162 165 165 165 156 50 Average Speed 158 | 151 160 160 160 160 160 152 158 158 160 162 161 160 163 165 165 165 162 158 Slowest Speed 250 | 160 160 160 160 160 160 160 158 158 162 162 226 200 165 165 165 165 203 250 Overloaded Moves . | . . . . . . . . . . . . . . . . . . . Propulsion Burnouts . | . . . . . . . . . . . . . . . . . . . Robots Hopped . | . . . . . . . . . . . . . . . . . . . Potential Cave-ins 5 | . . . . . . 5 . . . . . . . . . . . . Cave-ins Triggered . | . . . . . . . . . . . . . . . . . . . Exploration Rate (%) 55 | 4 87 57 89 76 79 81 77 38 82 44 37 24 67 70 71 33 20 16 Regions Visited 18 Branch Regions 11 Pre-discovered Areas 12 | . . 1 . . . . . . 2 . . . . . . 9 . . Known Exits Taken 14 | . . . . 1 1 1 1 1 1 1 1 1 1 1 1 1 1 . Unknown Exits Taken 4 | 1 1 1 1 . . . . . . . . . . . . . . . Scrap Searched 9 | . . . . 1 . . 4 2 2 . . . . . . . . . Spaces Dug 70 | . . . . . . 60 . . . . 7 1 . . . . 1 1 Terrain Destroyed 877 | . 24 . . 28 75 267 37 24 . 70 151 9 17 76 . 4 9 86 Melee . | . . . . . . . . . . . . . . . . . . . Projectile 298 | . . . . . . 151 10 24 . 4 56 9 2 . . 4 9 29 AOE 579 | . 24 . . 28 75 116 27 . . 66 95 . 15 76 . . . 57 Terrain Rammed . | . . . . . . . . . . . . . . . . . . . Walls Destroyed . | . . . . . . . . . . . . . . . . . . . Machines Disabled . | . . . . . . . . . . . . . . . . . . . Actions | -11 -10 -10 -10 -9 -8 -7 -7 -7 -7 -6 -6 -5 -5 -5 -5 -5 -4 -3 --------- Run | Yrd Mat Min Exi Min Mat Fac Low Low Zio Pro Fac Fac Ext Cet Arc Hub Fac Res Total 15272 | 81 939 316 430 507 1310 4101 558 260 893 298 1496 947 704 166 56 468 708 1034 Wait 1140 | . 26 34 . 10 119 341 28 3 14 3 141 80 86 7 5 19 19 205 Move 12761 | 67 860 272 430 454 1072 3377 520 242 868 281 1176 781 544 144 50 419 627 577 Hop . | . . . . . . . . . . . . . . . . . . . Pick Up 133 | 3 14 . . 6 21 37 . . 1 . 21 9 6 . . 1 4 10 Fast Attach 121 | 7 . . . 2 6 17 . 2 3 . 22 8 4 . . 3 19 28 Attach 68 | . . . . 2 6 14 . 1 1 . 11 5 1 . . 1 2 24 Detach 12 | . . . . . . 3 . . . . 1 1 . . . . . 7 Swap 155 | . 7 . . 5 16 55 3 1 2 3 17 7 13 3 . 4 5 14 Drop 199 | . 8 . . 7 21 53 1 2 4 . 34 11 11 . . 5 15 27 Fire 622 | 4 24 10 . 21 49 204 6 9 . 11 70 32 22 12 1 15 17 115 Melee . | . . . . . . . . . . . . . . . . . . . Ram . | . . . . . . . . . . . . . . . . . . . Kick . | . . . . . . . . . . . . . . . . . . . Crush 29 | . . . . . . . . . . . 1 . . . . 1 . 27 Escape Stasis . | . . . . . . . . . . . . . . . . . . . Rewire 19 | . . . . . . . . . . . 2 . 17 . . . . . Trap 13 | . . . . . . . . . . . . 13 . . . . . . Miscellaneous . | . . . . . . . . . . . . . . . . . . . Route ------- -11/Scrapyard -10/Materials (discovered 5 exits: [*Mat x3] / [*Min x2]) -10/Mines (discovered 3 exits: [*Mat x2] / *Exi) -10/Exiles -9/Mines -8/Materials (discovered 2 exits: *Fac x2) -7/Factory (discovered 4 exits: *Fac x3 / *Low) -7/Lower Caves -7/Lower Caves -7/Zion -6/Proximity Caves -6/Factory (discovered 5 exits: *Fac x4 / *Low) -5/Factory (discovered 2 exits: *Upp / *Ext) -5/Extension (discovered 2 exits: *Fac / *Cet) -5/Cetus -5/Archives -5/Hub_04(d) -4/Factory -3/Research History --------- Turn | Location | Event 5 | -11/Scrapyard | Discovered new exit (range 14) 128 | -11/Scrapyard | Entered Materials 310 | -10/Materials | Discovered new exit (range 4) 313 | -10/Materials | Build established: Mutant 492 | -10/Materials | Discovered new exit (range 6) 665 | -10/Materials | Discovered new exit (range 16) 678 | -10/Materials | Discovered new exit (range 9) 864 | -10/Materials | Discovered new exit (range 8) 1619 | -10/Materials | Entered Mines 1656 | -10/Mines | Discovered new exit (range 11) 1904 | -10/Mines | Discovered new exit (range 7) 2096 | -10/Mines | Received a Mining Laser from a helpful Derelict 2109 | -10/Mines | Deemed a non-threat by the Exiles lab entrance 2109 | -10/Mines | Discovered new exit (range 5) 2117 | -10/Mines | Entered Exiles 2117 | -10/Exiles | Found Exiles lab abandoned 2117 | -10/Exiles | Accompanied by 1 ally 2793 | -10/Exiles | Discovered new exit (range 10) 2806 | -10/Exiles | Entered Mines 2839 | -9/Mines | Met a Derelict bent on vengeance 3429 | -9/Mines | Assembled infested the area 3459 | -9/Mines | Identified exit to Materials 3618 | -9/Mines | Entered Materials 3618 | -8/Materials | Evolved 4 slots: Propulsion x1, Utility x2, Weapon x1 3879 | -8/Materials | Build established: Skirmisher 4853 | -8/Materials | Discovered new exit (range 3) 4856 | -8/Materials | Identified exit to Factory 5075 | -8/Materials | Central database locked down 5253 | -8/Materials | Discovered exit to Factory (range 16) 5451 | -8/Materials | Build established: Scavenger-Tank 5660 | -8/Materials | Entered Factory 5660 | -7/Factory | Evolved 2 slots: Propulsion x1, Utility x1 6335 | -7/Factory | Cargo convoy interrupted 6366 | -7/Factory | Destroyed 7 combat bots 6483 | -7/Factory | Found PL-3XN's Ring of Power 6746 | -7/Factory | Build established: Skirmisher 7395 | -7/Factory | Repaired Adv. Treads 7892 | -7/Factory | Build established: Gunner 8803 | -7/Factory | Repaired Adv. Treads 9669 | -7/Factory | Destroyed 11 combat bots 9882 | -7/Factory | Discovered new exit (range 4) 9898 | -7/Factory | Identified exit to Factory 10202 | -7/Factory | Repaired Med. Treads 11183 | -7/Factory | Discovered exit to Factory (range 8) 11438 | -7/Factory | Discovered exit to Factory (range 12) 11733 | -7/Factory | Discovered new exit (range 15) 11791 | -7/Factory | Destroyed 8 combat bots 11831 | -7/Factory | Identified exit to Lower Caves 11859 | -7/Factory | Entered Lower Caves 12018 | -7/Lower Caves | Learned location of 1 exit from Factory 12059 | -7/Lower Caves | Build established: Skirmisher 12274 | -7/Lower Caves | Learned 8 Factory zone layouts 12304 | -7/Lower Caves | Encountered a Warlord checkpoint 12690 | -7/Lower Caves | Discovered new exit (range 4) 12727 | -7/Lower Caves | Identified exit to Lower Caves 12729 | -7/Lower Caves | Entered another Lower Caves area 12773 | -7/Lower Caves | Encountered a Warlord checkpoint 13126 | -7/Lower Caves | Discovered new exit (range 3) 13129 | -7/Lower Caves | Identified exit to Zion 13150 | -7/Lower Caves | Entered Zion 13204 | -7/Zion | System corruption cleaned by Quarantine Array 13673 | -7/Zion | Given the Hacking Drone Bay 13675 | -7/Zion | Found Prototype Device 13676 | -7/Zion | Identified Hacking Drone Bay 13789 | -7/Zion | Learned Factory emergency access door positions 14006 | -7/Zion | Met Imprinter 14037 | -7/Zion | Imprinted 14040 | -7/Zion | Declared Zion's savior 14322 | -7/Zion | Learned location of Warlord (-5) 14446 | -7/Zion | Discovered new exit (range 12) 14553 | -7/Zion | Identified exit to Proximity Caves 14569 | -7/Zion | Entered Proximity Caves 14569 | -6/Proximity Caves | Accompanied by 4 allies 14587 | -6/Proximity Caves | Learned location of 1 exit from Factory 14666 | -6/Proximity Caves | Core integrity fell below 50% 14702 | -6/Proximity Caves | Attracted the attention of an 0b10 checkpoint 15018 | -6/Proximity Caves | Discovered exit to Factory (range 15) 15044 | -6/Proximity Caves | Learned location of 1 exit from Factory 15062 | -6/Proximity Caves | Entered Factory 15062 | -6/Factory | Accompanied by 4 allies 15062 | -6/Factory | Evolved 2 slots: Utility x1, Weapon x1 15063 | -6/Factory | Identified exit to Factory 15064 | -6/Factory | Identified exit to Lower Caves 15332 | -6/Factory | Retrieved Zion intel report: Prototype Stockpiles 15437 | -6/Factory | Build established: Scavenger-Skirmisher 15547 | -6/Factory | Spotted B-75 Beast 15559 | -6/Factory | Destroyed B-75 Beast 15883 | -6/Factory | Retrieved Zion intel report: Active Garrisons 15939 | -6/Factory | Cargo convoy interrupted 15985 | -6/Factory | Fabricated Adv. Weapon Cycler? 16075 | -6/Factory | Found Prototype Launcher 16075 | -6/Factory | Identified Tesla Bomb Launcher 16275 | -6/Factory | Repaired Med. Treads 16462 | -6/Factory | First assault squad dispatched 16501 | -6/Factory | Retrieved Zion intel report: Main Access 16502 | -6/Factory | Zion Recon squad teleported in 16809 | -6/Factory | Terminal network hard line cut 16858 | -6/Factory | Build established: Scavenger-Gunner 17185 | -6/Factory | Lost 3 parts (1n2u) 17279 | -6/Factory | Repaired Imp. Medium Treads? 17404 | -6/Factory | Entered another Factory area 17404 | -5/Factory | Evolved 2 slots: Power x1, Utility x1 17444 | -5/Factory | Build established: Scavenger-Tank 17584 | -5/Factory | Spotted B-75 Beast 17682 | -5/Factory | Destroyed B-75 Beast 18244 | -5/Factory | Retrieved Zion intel report: Active Terminals 18245 | -5/Factory | Zion Trap Resupply teleported in 18317 | -5/Factory | Discovered new exit (range 16) 18413 | -5/Factory | Identified exit to Upper Caves 18853 | -5/Factory | Zion Heavy squad teleported in 18853 | -5/Factory | Discovered new exit (range 11) 18865 | -5/Factory | Garrison activated, responded to threat 18873 | -5/Factory | Identified exit to Extension 18889 | -5/Factory | Entered Extension 18889 | -5/Extension | Accompanied by 2 allies 19183 | -5/Extension | Rescued A7 19277 | -5/Extension | Rescued a captive Derelict 19405 | -5/Extension | Rescued a captive Derelict 19567 | -5/Extension | Spotted B-75 Beast 19614 | -5/Extension | Destroyed B-75 Beast 19616 | -5/Extension | Spotted B-75 Beast 19646 | -5/Extension | Destroyed B-75 Beast 19841 | -5/Extension | Discovered new exit (range 15) 19842 | -5/Extension | Discovered new exit (range 15) 19964 | -5/Extension | Identified exit to Cetus 19971 | -5/Extension | Entered Cetus 19971 | -5/Cetus | Accompanied by 4 allies (A7) 19976 | -5/Cetus | Acquired a Cetus Manufacturing Module code from A7 19995 | -5/Cetus | Spotted Cetus Guard 19995 | -5/Cetus | Spotted Cetus Guard 20000 | -5/Cetus | Spotted Cetus Guard 20007 | -5/Cetus | Allies destroyed Cetus Guard 20010 | -5/Cetus | Spotted Cetus Guard 20016 | -5/Cetus | Destroyed Cetus Guard 20016 | -5/Cetus | Allies destroyed Cetus Guard 20022 | -5/Cetus | Allies destroyed Cetus Guard 20084 | -5/Cetus | Started Cetus Manufacturing Module 20100 | -5/Cetus | Escorted A7 to Cetus Mainframe 20109 | -5/Cetus | Manufactured an Enhanced Grunt 20134 | -5/Cetus | Manufactured an Enhanced Grunt 20159 | -5/Cetus | Manufactured an Enhanced Grunt 20184 | -5/Cetus | Manufactured an Enhanced Grunt 20209 | -5/Cetus | Manufactured an Enhanced Grunt 20213 | -5/Cetus | Discovered new exit (range 16) 20236 | -5/Cetus | Identified exit to Archives 20248 | -5/Cetus | Entered Archives 20248 | -5/Archives | Accompanied by 8 allies (A7) 20253 | -5/Archives | Received a hacking code to weaken MAIN.C 20268 | -5/Archives | Met Zhirov 20274 | -5/Archives | Reinforcements dispatched to Archives 20290 | -5/Archives | Read partially decrypted archive contents 20298 | -5/Archives | Discovered new exit (range 13) 20319 | -5/Archives | Reinforcements dispatched to Archives 20330 | -5/Archives | Identified exit to Hub_04(d) 20339 | -5/Archives | Zhirov detonated Archives 20339 | -5/Archives | Entered Hub_04(d) 20370 | -5/Hub_04(d) | Lost 3 allies 20405 | -5/Hub_04(d) | Zion Heavy squad teleported in 20438 | -5/Hub_04(d) | Garrison activated, responded to threat 20473 | -5/Hub_04(d) | Zion Light squad teleported in 20553 | -5/Hub_04(d) | Zion Heavy squad teleported in 20689 | -5/Hub_04(d) | Lost 3 allies 20724 | -5/Hub_04(d) | Discovered new exit (range 7) 20731 | -5/Hub_04(d) | Identified exit to Factory 20891 | -5/Hub_04(d) | Retrieved Zion intel report: Depthwide Sectors/-5 21017 | -5/Hub_04(d) | Build established: Tank 21030 | -5/Hub_04(d) | Found Prototype Protection 21030 | -5/Hub_04(d) | Identified Zio. Weapon Casing 21111 | -5/Hub_04(d) | Entered Factory 21111 | -4/Factory | Accompanied by 1 ally 21111 | -4/Factory | Evolved 2 slots: Propulsion x1, Utility x1 21566 | -4/Factory | Build established: Scavenger-Tank 21606 | -4/Factory | Retrieved Zion intel report: Prototype Stockpiles 21607 | -4/Factory | Zion Heavy squad teleported in 22121 | -4/Factory | Build established: Tank 22228 | -4/Factory | Discovered new exit (range 8) 22250 | -4/Factory | Identified exit to Research 22253 | -4/Factory | Entered Research 22253 | -3/Research | Evolved 2 slots: Utility x2 22376 | -3/Research | Garrison activated, responded to threat 22549 | -3/Research | Build established: Hacker-Tank 22700 | -3/Research | Zion Fire squad teleported in 22716 | -3/Research | Zion Heavy squad teleported in 22839 | -3/Research | Repaired Med. Reflective Plating 23028 | -3/Research | Found Prototype Processor 23028 | -3/Research | Identified Exp. Target Analyzer 23100 | -3/Research | Lost 4 allies 23117 | -3/Research | Destroyed 9 combat bots 23151 | -3/Research | Found Zio. Weapon Casing 23312 | -3/Research | Lost 5 parts (1p4u) 23450 | -3/Research | Build established: Messiah-Tank 23503 | -3/Research | First assault squad dispatched 23574 | -3/Research | Found Launcher Loader 23712 | -3/Research | Garrison activated, responded to threat 23714 | -3/Research | Core integrity fell below 50% 23747 | -3/Research | Destroyed 11 combat bots 23755 | -3/Research | Cargo convoy interrupted 23768 | -3/Research | System corruption reached 10% 23793 | -3/Research | Core integrity fell below 20% 23835 | -3/Research | Released all parts (7) 23848 | -3/Research | Destroyed by Y-72 Warden with Railgun Last Messages --------------- 23833_ K-01 Serf collects debris. 23834_ Slammed into Y-72 Warden. 23834_ Adv. Heat Sink destroyed. 23834_ K-01 Serf collects debris. 23835_ Penetrated by Slug. 23835_ Slug penetrates Wall. 23835_ Released Hvy. Treads. 23835_ Released Imp. Matter Compressor. 23835_ Released Adv. Hacking Suite. 23835_ Released Lrg. Storage Unit. 23835_ Released Broken Adv. Visual Processing Unit. 23835_ Released Adv. Heat Sink. 23835_ Released Hvy. Treads. [Achievement: Live, Flee, And Rebuild] 23836_ K-01 Serf collects debris. 23839_ Acquired Adv. Heat Sink. 23840_ System corrupted: Substantial component data lost. 23842_ Acquired 10 matter. Map ----- +----------------------------------------------------+ | #???# * """" #?????????????????????????????????? | | #???# """" #?????????????????????????????????? | | #???#= """" #?????????????????????????????????? | | +##### #?????????????????????????????????? | | = # #?????????????????????????????????? | | !#+###+#####?????????????????????????????????? | | # #????????????????????????????????????? | | # ##???????????????????????????????????? | | % +% ##???????????????????????????????????? | | [ # % #????????????????????????????????????? | | ######+## ##???????????????????????????????????? | | # !# ##?????????????##########???????????? | | # # #############??# """ #???????????? | | # + % + #??# """ #???????????? | | # # ### #??# """ #???????????? | | # # ### !#??# #????#??????? | | # ###%##### #??# #? ? #??????? | | ########## #???# #??# #? #??????? | | ####### ##%#?### # ## # #??????? | | # # #?# #= # !! # #??????? | | # = #%### # ! ! # #??????? | | # # #########+#############t### # ??? | | # =! #% % % + ???? | | # % /% #??????? | | # % # % % #??????? | | # %!% # % % @ k k % %! #??????? | | # =%= ####% ######+######+########??????? | | # =!! # #%% # = =%=![#?????????? | | ######/###### % # # ! #?????????? | | ? ##"" ! ![! !#?????????# | | ? ##"" [! % =########### | | ? ! ##"" # *===+%=%=*|!==% | | ?? !%! ##T # """"" !########### | | ??####+################"" # """""!%###???????# | | ???? ??????????????#"" # """"" #?????????? | | ???? ? ???????????????"" ###########???###???? | | ??????? ???????????????? #?????????????#! ?? | | ??????? ???????????????? #?????????????# | | ??????? ???????????????? ??????????????# | | ???????"???????????????? ??????????????# | | ?????????????????????????####??????????????# ! | | ???????????????????????????????????????????# ? | | ???????????????????????????????????????????#####?? | | ?????????????????????????????????????????????????? | | ?????????????????????????????????????????????????? | | ?????????????????????????????????????????????????? | | ?????????????????????????????????????????????????? | | ?????????????????????????????????????????????????? | | ?????????????????????????????????????????????????? | | ?????????????????????????????????????????????????? | +----------------------------------------------------+ Best States ------------- Heat Dissipation 114 Coolant Potential 80 Energy Generation 41 Energy Capacity 780 Matter Stores 593 Matter Capacity 600 Sight Range 20 Robot Scan Range 16 Terrain Scan Density 10 Armor Coverage 450 Resistance: KI 50 Resistance: TH 35 Resistance: EX 20 Resistance: EM 20 Resistance: I 20 Resistance: S 20 Resistance: P 20 Core Shielding 20 Propulsion Shielding 66 Utility Shielding 66 Weapon Shielding 100 Weapon Cycling 30 Evasion (%) 50 Targeting Accuracy 8 Target Analysis 8 Recoil Reduction 8 Matter Filtering 50 Energy Filtering 50 Particle Charging 20 Kinecelleration 30 Offensive Hacking 24 Item Schematics ----------------- Recoil Stabilizer | -8/Materials | Scanalyzed Imp. Sensor Array | -8/Materials | Scanalyzed Rocket Launcher | -8/Materials | Scanalyzed Minigun | -8/Materials | Scanalyzed Kinecellerator | -7/Factory | Hacked Robot Schematics ------------------ None Fabricated ------------ Adv. Weapon Cycler | x2 | -6/Factory | Preloaded Repaired ---------- Adv. Treads | 28% | -7/Factory Adv. Treads | 31% | -7/Factory Med. Treads | 28% | -7/Factory Med. Treads | 14% | -6/Factory Imp. Medium Treads | 10% | -6/Factory Med. Reflective Plating | 8% | -3/Research Studied --------- Imp. Treads | -8/Materials | Hacked Ion Cannon | -8/Materials | Hacked Beam Rifle | -8/Materials | Hacked Adv. Treads | -7/Factory | Hacked Hvy. Rocket Launcher | -7/Factory | Hacked Arm. Treads | -7/Factory | Hacked Hvy. Missile Launcher | -6/Factory | Hacked Med. Treads | -6/Factory | Hacked Imp. Medium Treads | -5/Factory | Hacked Variable Charge Gun | -5/Factory | Hacked Alien Tech Used ----------------- None Achievements -------------- Immobile And Lovin' It Into The Breach Jackpot Live, Flee, And Rebuild Out Of My Way That Tickles Well Done Challenges ------------ None Game ------ Seed ColdShadeClaws Manual? 0 Play Time 03:28:29 Cumulative 83.4 hours Start 2026.07.24 @ 19:31:14 End 2026.07.25 @ 01:09:00 Sessions 3 Manual Loads 0 Difficulty Adventurer Special Mode None Game No. 45 Rogue 33 Adventurer 12 Explorer 0 Win Type - Total 2 Types 1/0/0/0/0/0/0/1/0/0 Lore% 42 Gallery% 45 Achievement% 30 Wizard Run 0 Options --------- Layout 2 ASCII 0 Keyboard 0 Movement Mouse Keybinds 0 Fullscreen 2 Font 24/Smallcaps Map View 50x44 Zoom Use 0% Tactical HUD 1 Map Filters NONE Filters NONE Steam 0 RUN: ff0119e6-c72a-47d0-8050-4fa10c8ea068